Unix NetHack Version 3.7.0-65 Work-in-progress - last build Oct 10 2022 05:34:18 (2afc5cfc90f7ecdc2856d9919a2295b875398e55,branch:master). Game began 2022-10-08 01:05:05, ended 2022-10-10 19:45:24. finitelycraig, neutral female human Monk }} } }} } } } }} } }} }}}} }} } } }}}} } } }} }}}}}}}}} } } }}}}} } }}} }}}}}}} } }}}}} }}}} } }}} } } }}} }}}}}}} } } }} }}}}}}}} } } }}} }}}}}}}}} }} }}}}}}} } }}} }}}}}}}}} X }}}}}}} }}}} } } } }}}}}}}}}}A }}}}}}}}}} }}}} }} } }} } }}}}}}}}}} ..@ X }}}}}}}}}}}}}}}}}}}} }}}}} }}}}}}}}}}}}}}}} 2 W@X X XX X }}}}}} }}}}}}}} }}}} }}}}}}}}}}}}}} ... X }}}}}}} } }}}}}} }} } } }}}}}}}}}}}}}}} 2 X }}} }} }}}} } } }}} }}}}}}}}}}}}} }}}} }}} }} }} } }}}} }}}}}}}}}}}}} }}}} }} }} } }}}} } }}}}}}}}}}}}}} }}}}}}}}}}} }}}} } }} }}}} }} } }}}}}}}} } } } }}}}}} }}}}}}}} }}} }}}}} } }}}}} } }} }} }}}}}}}} }}} } } }}}} }} }} } } } }} }} } }} }}}}}} }} } }} }} }} }} Finitelycraig the Student of Waters St:18/25 Dx:18 Co:17 In:12 Wi:17 Ch:16 Neutral Home 5 $:0 HP:0(78) Pw:76(76) AC:-6 Xp:14/145738 T:20787 Blind Latest messages: What do you want to use or apply? [bcefhiktxOVW or ?*] j - an uncursed wand of speed monster (0:4). What do you want to zap? [cfjVW or ?*] Never mind. What do you want to zap? [cfjVW or ?*] In what direction? What do you want to zap? [cfjVW or ?*] In what direction? What do you want to zap? [cfjVW or ?*] In what direction? What do you want to zap? [cfjVW or ?*] In what direction? You descend the stairs. Again, you have invaded Master Kaen's domain. You begin striking monsters with your gloved hands. You hit the xorn! The xorn hits! The xorn misses! The xorn misses! The xorn bites! Master Kaen vanishes and reappears next to you. Master Kaen hits! Master Kaen hits! Master Kaen casts a spell at you! A bolt of lightning strikes down at you from above! Your wand called striking breaks apart and explodes! Your wand of teleportation breaks apart and explodes! Your wand of speed monster breaks apart and explodes! You die... But wait... Your medallion begins to glow! You feel much better! The medallion crumbles to dust! Your wand of magic missile breaks apart and explodes! You are blinded by the flash! Master Kaen hits! [You are no abbot. You shall never regain the Eyes of the Overworld.] You survived that attempt on your life. Pick an object. @ a human or elf (Master Kaen) [seen: telepathy] You try to feel what is lying here on the floor. There is a staircase up to level 4 here. You feel no objects here. The xorn hits! The xorn hits! The xorn misses! The xorn bites! Master Kaen hits! Master Kaen hits! You die... Inventory: Amulets ('"') A - an uncursed amulet of reflection Armor ('[') D - a blessed greased +1 helm of telepathy (being worn) Y - an uncursed +2 pair of leather gloves (being worn) E - an uncursed rotted +0 pair of speed boots (being worn) n - an uncursed greased burnt rotted +1 robe (being worn) Comestibles ('%') P - an uncursed apple C - an uncursed banana s - an uncursed carrot d - an uncursed food ration a - an uncursed lizard corpse Potions ('!') R - 2 blessed potions of full healing Rings ('=') w - an uncursed +1 ring of increase damage (on left hand) Wands ('/') V - an uncursed wand of cancellation (0:5) Tools ('(') b - a blessed bag of holding containing 88 items O - an uncursed leather drum x - an uncursed brass lantern i - an uncursed expensive camera (0:76) k - an uncursed skeleton key e - an uncursed tin opener t - an uncursed towel h - an uncursed +0 unicorn horn Gems/Stones ('*') J - 3 uncursed aquamarine stones Q - an uncursed worthless piece of violet glass Contents of the bag of holding: 5468 gold pieces 9 uncursed +0 silver arrows a cursed -2 pair of gauntlets of fumbling a blessed +1 pair of gauntlets of power a cursed +0 pair of gauntlets of power an uncursed +0 pair of jumping boots an uncursed +0 pair of jumping boots a cursed -1 pair of levitation boots a blessed +0 cloak of invisibility an uncursed +0 Hawaiian shirt with a parrot motif an uncursed carrot 6 uncursed food rations 5 uncursed fortune cookies an uncursed melon 8 uncursed oranges 4 uncursed lichen corpses an uncursed scroll of blank paper a blessed scroll of confuse monster 2 uncursed scrolls of confuse monster a blessed scroll of create monster 6 uncursed scrolls of create monster a blessed scroll of destroy armor 2 uncursed scrolls of earth a blessed scroll of enchant weapon 3 uncursed scrolls of enchant weapon a cursed scroll of fire an uncursed scroll of food detection a blessed scroll of gold detection an uncursed scroll of gold detection an uncursed scroll of gold detection a blessed scroll of identify a cursed scroll of identify 2 uncursed scrolls of light an uncursed scroll of taming 2 blessed scrolls of teleportation 5 uncursed scrolls of teleportation 4 uncursed scrolls of teleportation 3 cursed scrolls of teleportation an uncursed spellbook of create monster an uncursed spellbook of detect food a blessed spellbook of healing an uncursed spellbook of invisibility a blessed spellbook of magic missile an uncursed spellbook of magic missile a blessed spellbook of sleep a blessed potion of acid 2 uncursed potions of acid a blessed potion of confusion 2 uncursed potions of confusion a blessed potion of enlightenment 2 uncursed potions of enlightenment an uncursed potion of hallucination a blessed potion of healing 2 uncursed potions of healing an uncursed diluted potion of healing an uncursed potion of oil an uncursed potion of restore ability an uncursed potion of see invisible a blessed potion of sleeping an uncursed potion of sleeping an uncursed potion of sleeping an uncursed potion of speed 2 uncursed potions of speed a cursed potion of speed 3 potions of holy water 11 uncursed potions of water 2 potions of unholy water an uncursed ring of cold resistance an uncursed ring of cold resistance a cursed -1 ring of increase damage an uncursed ring of protection from shape changers an uncursed ring of sustain ability an uncursed ring of sustain ability an uncursed ring of warning an uncursed wand of digging (0:8) an uncursed wand of digging (0:7) an uncursed wand of digging (0:5) an uncursed wand of digging (0:3) an uncursed wand of lightning (0:5) an uncursed wand of lightning (0:0) an uncursed wand of make invisible (0:7) an uncursed wand of make invisible (0:6) an uncursed wand of make invisible (0:3) an uncursed wand of teleportation (0:2) an uncursed can of grease (0:23) an uncursed lock pick an uncursed +0 pick-axe an uncursed partly used wax candle Finitelycraig the Monk's attributes: Background: You were a Student of Waters, a level 14 female human Monk. You were neutral, on a mission for Chih Sung-tzu who was opposed by Shan Lai Ching (lawful) and Huan Ti (chaotic). You were in the Quest, on level 5. You entered the dungeon 20787 turns ago. There was a full moon in effect when your adventure ended. You had 145738 experience points, 14262 more were needed to attain level 15. Basics: You had 0 out of 78 hit points. You had all 76 energy points (spell power). Your armor class was -6. Your wallet was empty. Autopickup was on for '$?!"=/*', with exceptions. Final Characteristics: Your strength was 18/25 (limit:18/100). Your dexterity was 18 (limit:18). Your constitution was 17 (peak:18, limit:18). Your intelligence was 12 (limit:18). Your wisdom was 17 (limit:18). Your charisma was 16 (limit:18). Final Status: You were temporarily blind. You were not hungry. You were unencumbered. You were empty handed. You had grand master skill with martial arts. Final Attributes: You were piously aligned. You were fire resistant. You were cold resistant. You were sleep resistant. You were poison resistant. You would have seen invisible when not blind. You were telepathic. You were warned. You had automatic searching. You were stealthy. You had a small damage bonus (+1). You had a moderate defense bonus (+9). You were guarded. You were very fast. You were lucky. You are dead (2nd time!). Miscellaneous: You disabled loading of bones levels. Total elapsed playing time was 6 hours, 50 minutes and 40 seconds. Major events: Turn 1: finitelycraig the neutral female human Monk entered the dungeon 376: attained the rank of Novice (level 3) 890: entered the Gnomish Mines 2001: attained the rank of Initiate (level 6) 2722: reached Mine Town 4207: entered Sokoban 4775: completed 2nd Sokoban level 5096: completed 3rd Sokoban level 5221: attained the rank of Student of Stones (level 10) 5797: completed 4th Sokoban level 5849: acquired the Sokoban bag of holding 10080: performed her first genocide (class L) 12059: was bestowed with Giantslayer by Chih Sung-tzu 19884: attained the rank of Student of Waters (level 14) 20786: averted death (killed by an exploding wand) 20787: killed by Master Kaen Vanquished creatures: a baluchitherium a baby white dragon a vampire leader a captain 2 ice devils a black pudding 2 vampires 5 ghosts a queen bee 2 giant mimics a long worm a wumpus 4 stalkers an air elemental a fire elemental 22 earth elementals a hill giant 22 xorns 3 giant zombies an elf-noble 3 wargs 5 small mimics a warhorse an ettin mummy 2 ogre leaders 4 quantum mechanics a wood golem a pyrolisk a freezing sphere 3 tigers 5 gargoyles 3 dwarf rulers 3 tengu 2 ochre jellies 2 leocrottas an energy vortex a human mummy a cobra 6 wraiths an ettin zombie 2 leather golems 2 soldiers an amorous demon 2 chameleons 6 giant beetles a quivering blob 3 cockatrices 4 wolves a winter wolf cub a lynx a panther 3 gremlins 47 leprechauns 3 iron piercers a mumak 2 giant spiders a black light 2 vampire bats a forest centaur 2 orc mummies a dwarf mummy a brown pudding an owlbear 2 gold golems 3 werewolves 4 Green-elves 4 lizards 2 dingoes 2 dogs 2 jaguars 3 dwarf leaders 2 blue jellies 3 white unicorns a black unicorn a dust vortex 2 ravens a gnome mummy 6 water moccasins 3 apes 2 human zombies a rope golem a Woodland-elf 2 soldier ants a fire ant a bugbear an imp 2 quasits 3 water nymphs 9 Mordor orcs 7 rock piercers 2 rock moles 5 yellow lights 3 violet fungi 15 gnome leaders 2 gnomish wizards a gray ooze a barrow wight 3 elf zombies 2 ghouls a straw golem a paper golem a giant ant 6 floating eyes a kitten 13 dwarves 4 homunculi a kobold leader 4 kobold shamans 2 hill orcs 10 rothes 2 rabid rats a centipede a giant bat 5 orc zombies 4 dwarf zombies a wererat a werejackal 6 iguanas 55 killer bees 2 acid blobs a coyote a gas spore a hobbit 6 manes 5 hobgoblins 3 giant rats 11 cave spiders a brown mold 2 yellow molds a red mold 38 gnomes 3 garter snakes 2 gnome zombies 6 geckos 9 jackals 2 foxes 2 goblins 4 sewer rats 8 grid bugs 2 bats 6 lichens 3 kobold zombies 6 newts 560 creatures vanquished. Genocided species: liches demiliches master liches arch-liches 4 species genocided. Voluntary challenges: You read items or engraved 28 times. You engraved Elbereth 8 times. You genocided 4 types of monsters. You never polymorphed an object. You used no wishes. You did not violate any of the special Sokoban rules. Achievements: You entered a shop. You attained the rank of Novice. You entered the Gnomish Mines. You attained the rank of Initiate. You entered Minetown. You entered a temple. You entered Sokoban. You attained the rank of Student of Stones. You completed Sokoban. You attained the rank of Student of Waters. The Dungeons of Doom: levels 1 to 22 Level 1: A fountain. Level 2: A potion shop. Level 3: A general store. Level 4: An armor shop, an altar to Chih Sung-tzu. Stairs down to The Gnomish Mines. Level 5: Level 6: Level 7: Level 8: Oracle of Delphi. Level 9: A grave. Stairs up to Sokoban, level 8. Level 10: Level 11: A fountain. Level 12: Level 13: A fountain, many graves. Level 14: A fountain. Summoned by the Grand Master. Portal to The Quest. Level 15: Level 16: Level 17: A primitive area. Level 18: Level 19: A temple. Level 20: Level 21: An altar to Chih Sung-tzu. Level 22: The Gnomish Mines: levels 5 to 9 Level 5: Level 6: Level 7: Level 8: Many shops, a temple to Chih Sung-tzu, many fountains. Level 9: The Quest: levels 1 to 5 Level 1: A temple, many trees. Given quest by the Grand Master. Level 2: Level 3: Level 4: Level 5: <- You were here. Final resting place for you, killed by Master Kaen. Sokoban: levels 8 up to 5 Level 5: Solved. Level 6: Solved. Level 7: Solved. Level 8: Unsolved. Game over: ---------- / \ / REST \ / IN \ / PEACE \ / \ | finitelycraig | | 5468 Au | | killed by Master | | Kaen | | | | | | 2022 | *| * * * | * _________)/\\_//(\/(/\)/\//\/|_)_______ Goodbye finitelycraig the Monk... You died in The Quest on dungeon level 5 with 119994 points, and 5468 pieces of gold, after 20787 moves. You were level 14 with a maximum of 78 hit points when you died.